 Dungeon Crawl Stone Soup version 0.30-a0-341-g682706514a (webtiles) character file.

Game seed: 17258776821744560464

797 LutherGrant the Slasher (level 8, -1/63 HPs)
             Began as a Meteoran Wanderer on Nov 1, 2022.
             Was an Initiate of Ru.
             Slain by a gnoll bouda
             ... wielding a +0 club
              (5 damage)
             ... on level 6 of the Dungeon.
             The game lasted 00:07:51 (2681 turns).

LutherGrant the Slasher (Meteoran Wanderer)         Turns: 2681, Time: 00:07:52

Health: -1/63      AC: 14    Str: 16    XL:     8   Next: 35%
Magic:  9/9        EV:  7    Int: 10    God:    Ru [......]
Gold:   155        SH:  5    Dex: 17    Spells: 7/7 levels left

rFire   . . .      SeeInvis .    u - +0 great sword
rCold   . . .      Faith    .    (shield currently unavailable)
rNeg    . . .      Spirit   .    n - +0 chain mail
rPois   .          Reflect  +    s - +0 helmet
rElec   .          Harm     .    y - +2 cloak {rCorr}
rCorr   +          Rampage  .    (no gloves)
Will    +....                    (no boots)
Stlth   ..........               e - amulet of reflection
HPRegen 0.30/turn                l - ring of resist corrosion
MPRegen 0.11/turn                (no ring)

@: glowing
A: sense surroundings 1, otherworldly, glowing, explore regen
a: Renounce Religion


You were on level 6 of the Dungeon.
You worshipped Ru.
Ru was noncommittal.
You visited 2 branches of the dungeon, and saw 6 of its levels.

You collected 155 gold pieces.

Inventory:

Hand Weapons
 a - a +0 short sword
 r - a +0 long sword
 u - a +0 great sword (weapon)
Armour
 d - a +0 buckler
 f - a +0 leather armour
 n - a +0 chain mail (worn)
 s - a +0 helmet (worn)
 y - a +2 cloak of preservation (worn)
Jewellery
 e - an amulet of reflection (around neck)
 l - a ring of resist corrosion (left hand)
 w - a ring of willpower
Scrolls
 b - a scroll of blinking
 c - a scroll of fear
 h - 3 scrolls of noise {unknown}
 i - 11 scrolls of identify {unknown}
 m - a scroll of amnesia {unknown}
 p - a scroll of enchant armour {unknown}
 q - a scroll of enchant weapon {unknown}
Potions
 g - a potion of lignification {unknown}
 j - a potion of curing {unknown}
 k - a potion of berserk rage {unknown}
 o - a potion of haste {unknown}
 v - a potion of cancellation {unknown}
 x - a potion of might {unknown}
 z - a potion of attraction {unknown}


   Skills:
 + Level 3.5 Fighting
 - Level 2.1(4.0) Short Blades
 * Level 5.9(6.1) Long Blades
 + Level 4.9 Armour
 + Level 1.3 Dodging
 + Level 1.0 Stealth
 + Level 3.8 Shields
 + Level 4.1 Unarmed Combat
 + Level 2.6 Evocations


You had 7 spell levels left.
You didn't know any spells.
Your spell library contained the following spells:

 Spells                   Type           Power      Damage    Failure   Level
 Cigotuvi's Dreadful Rot  Necr/Pois/Air  0%         N/A       100%        2
 Poisonous Vapours        Pois/Air       0%         N/A       100%        2
 Inner Flame              Hex/Fire       0%         N/A       100%        3
 Mephitic Cloud           Conj/Pois/Air  0%         N/A       100%        3
 Cause Fear               Hex            0%         N/A       100%        4
 Discord                  Hex            0%         N/A       100%        8


Dungeon Overview and Level Annotations

Branches:
Dungeon (6/15) Zot: 581    Temple (1/1) D:4 Zot: 262

Altars:
Ashenzari
Cheibriados
Dithmenos
Elyvilon
Fedhas
Gozag
Kikubaaqudgha
Okawaru
Qazlal
Ru
Sif Muna
Trog
Uskayaw
Vehumet
Wu Jian

Annotations:
D:4 3 runed translucent doors, retardedninja's ghost, novice HOFi


Innate Abilities, Weirdness & Mutations

You passively map a small area around you.
You are easily found by Zot.
You glow in the dark.
You regain HP and MP as you explore.


Message History

The gnoll bouda hits you but does no damage.
The orc closely misses you. Something hits you but does no damage.
You slash something! The gnoll barely misses you. You block the gnoll's attack.
The gnoll bouda hits you with a +0 club!
The orc hits you with a +0 short sword. Something hits you but does no damage.
The gnoll hits you but does no damage. You block the gnoll's attack.
The gnoll hits you with a +0 flail. The gnoll bouda barely misses you.
The orc closely misses you. Something hits you but does no damage.
You slash something!
Reactivating autopickup.
You feel a bit more experienced. The gnoll hits you but does no damage.
The gnoll hits you with a +0 flail. The gnoll hits you but does no damage.
The gnoll bouda hits you but does no damage.
The orc hits you with a +0 short sword.
* * * LOW HITPOINT WARNING * * *
The orc hits you but does no damage. The gnoll barely misses you.
You barely miss the orc. The gnoll hits you with a +0 flail.
* * * LOW HITPOINT WARNING * * *
The gnoll hits you from afar with a +0 halberd!
* * * LOW HITPOINT WARNING * * *
The gnoll bouda completely misses you. The orc hits you but does no damage.
You block the orc's attack.
The gnoll hits you from afar with a +0 spear.
* * * LOW HITPOINT WARNING * * *
You feel much better.
The gnoll hits you from afar with a +0 halberd.
You block the gnoll's attack. The gnoll bouda barely misses you.
The orc barely misses you. The orc hits you but does no damage.
You block the gnoll's attack.
You barely miss the gnoll. The gnoll hits you with a +0 flail.
The gnoll barely misses you. The orc hits you but does no damage.
The orc hits you with a +1 vorpal falchion.
* * * LOW HITPOINT WARNING * * *
x2 The gnoll hits you but does no damage.
The gnoll closely misses you. You block the gnoll's attack.
The orc hits you with a +0 short sword.
* * * LOW HITPOINT WARNING * * *
The orc hits you with a +1 vorpal falchion.
* * * LOW HITPOINT WARNING * * *
x2 The gnoll bouda hits you with a +0 club.
You die...

....#.#........#,
...............#....##..
#.....#.............#...
, ,
........................
.............##.........
......##....####........
.............##.........
.............#...o......
..#..##.........@g......
.###........#.#og.(....[
,
.##........######gg.....
, , ...........#,
g...... ....##...#.. ,
....### * ##.# #.......
, ,....#* *#.......
,......* , ........ ,,
......, , ,, , *


You could see a gnoll bouda, 4 gnolls and 2 orcs.

Vanquished Creatures
  2 ogres
  2 phantoms (D:5)
  A necrophage (D:4)
  A scorpion (D:5)
  2 hounds (D:4)
  3 iguanas
  2 orc wizards
  4 gnolls
  8 adders
  An ufetubus (D:6)
  8 orcs
  5 ball pythons
  7 endoplasms
  A giant cockroach (D:1)
  3 goblins
  3 hobgoblins (D:1)
  6 quokkas
  3 bats
  A frilled lizard (D:1)
  3 kobolds
  2 rats (D:1)
68 creatures vanquished.

Vanquished Creatures (others)
  A plant (D:4)
1 creature vanquished.

Grand Total: 69 creatures vanquished

Notes
Turn   | Place    | Note
-------+----------+-------------------------------------------
     0 | D:1      | LutherGrant the Meteoran Wanderer began the quest for the
                  | Orb.
     0 | D:1      | LutherGrant set off with the following items: a +0 short
                  | sword, a scroll of blinking, a scroll of fear, a +0
                  | buckler, a potion of heal wounds, a +0 leather armour.
     0 | D:1      | Reached XP level 1. HP: 16/16 MP: 2/2
    78 | D:1      | Reached XP level 2. HP: 14/23 MP: 3/3
   266 | D:1      | Reached XP level 3. HP: 29/29 MP: 4/4
   499 | D:1      | Glimpsed the power of Zot.
   636 | D:2      | Reached XP level 4. HP: 12/36 MP: 5/5
   866 | D:2      | You fall into a shaft and drop 2 floors!
   884 | D:4      | Found a runed translucent gate.
   885 | D:4      | Found a runed translucent gate.
   948 | D:4      | Noticed a necrophage
   967 | D:4      | HP: 1/29 [necrophage (5)]
   968 | D:4      | Killed a necrophage
   969 | D:4      | Reached skill level 1 in Long Blades
   969 | D:4      | Reached XP level 5. HP: 1/41 MP: 6/6
  1188 | D:4      | Found a hide-covered altar of Uskayaw.
  1256 | D:4      | Reached XP level 6. HP: 28/50 MP: 7/7
  1256 | D:4      | Noticed an ogre
  1266 | D:4      | Killed an ogre
  1267 | D:4      | Reached skill level 2 in Long Blades
  1267 | D:4      | Reached skill level 1 in Dodging
  1294 | D:4      | Reached skill level 3 in Long Blades
  1305 | D:4      | Found an opulent altar of Gozag.
  1328 | D:4      | Found an ornate altar of the Wu Jian Council.
  1360 | D:4      | Found a white marble altar of Elyvilon.
  1414 | D:4      | Reached XP level 7. HP: 55/56 MP: 8/8
  1431 | D:4      | Found a stormy altar of Qazlal.
  1477 | D:4      | Found a staircase to the Ecumenical Temple.
  1508 | Temple   | Entered the Ecumenical Temple
  1827 | Temple   | Became a worshipper of Ru the Awakened
  2007 | D:4      | Found a runed translucent gate.
  2012 | D:4      | Noticed retardedninja's ghost (novice HOFi)
  2014 | D:4      | Glimpsed the power of Zot.
  2064 | D:4      | Glimpsed the power of Zot.
  2071 | D:5      | Entered Level 5 of the Dungeon
  2286 | D:5      | Reached skill level 4 in Long Blades
  2544 | D:5      | Reached XP level 8. HP: 26/63 MP: 9/9
  2558 | D:5      | Reached skill level 5 in Long Blades
  2571 | D:5      | Glimpsed the power of Zot.
  2586 | D:5      | Found a shadowy altar of Dithmenos.
  2679 | D:6      | HP: 3/63 [gnoll/+0 spear[a gnoll bouda] (2)]
  2681 | D:6      | Slain by a gnoll bouda

Illustrated notes

Levels and vault maps discovered:
D:1:      erik_arrival_triangle_large, layout_rooms, minivault_4, minivault_19,
          minmay_tall_x
D:2:      layout_loops_ring, shapermc_ecumenical_altar_hornbeckon,
          amethyst_killhole, kennysheep_doodads, nrook_mini_vaults,
          nicolae_concentric_dashed_squares_mild
D:4:      layout_loops_ring, nicolae_overflow_hidden_temple,
          eat_drink_and_be_merry_uskayaw, grunt_gozag_breadcrumbs,
          mainiacjoe_overflow_boulevard, kennysheep_little_box,
          minmay_temple_entry_nine_rooms, gammafunk_ghost_necromancy
D:5:      layout_basic, nicolae_overflow_squiral, minmay_ruined_shrine
D:6:      layout_cave_pools, dk_yredelemnul_ordeal, st_stairs_12, uniq_eustachio
Temple:   compressed_dpeg_triangle_lava_temple

Skill      XL: |  1  2  3  4  5  6  7  8 |
---------------+-------------------------+-----
Unarmed Combat | 4 |  4.1
Armour         | 2 3 4 |  4.9
Fighting       | 2 3 |  3.5
Short Blades   | 2 |  2.1
Long Blades    | 1 3 4 5 |  5.9
Shields        | 2 3 |  3.8
Dodging        | 1 |  1.3
Stealth        | |  1.0
Evocations     | |  2.6

Action                   |  1- 3 |  4- 6 |  7- 9 || total
-------------------------+-------+-------+-------++-------
Melee: Short sword       |   139 |    32 |       ||   171
       Long sword        |       |    75 |       ||    75
       Great sword       |       |       |   112 ||   112
  Use: Potion            |       |     1 |     2 ||     3
Armor: Leather armour    |    31 |       |       ||    31
       Chain mail        |    18 |    72 |   118 ||   208
Dodge: Dodged            |    35 |    25 |    66 ||   126
Block: Buckler           |    28 |    43 |       ||    71
       Other             |       |       |    55 ||    55

Table legend: (Time is in decaauts)
 A = Elapsed time spent in this place.
 B = Non-inter-level travel time spent in this place.
 C = Inter-level travel time spent in this place.
 D = Time resting spent in this place.
 E = Time spent auto-exploring this place.
 F = Levels seen in this place.
 G = Mean time per level.
                   A        B        C        D        E       F      G
               +--------+--------+--------+--------+--------+-----+--------+
         Total |   2755 |   2589 |    166 |    413 |   1435 |   6 |  459.2 |
       Dungeon |   2417 |   2306 |    111 |    413 |   1162 |   5 |  483.4 |
        Temple |    337 |    282 |     55 |      0 |    273 |   1 |  337.0 |
               +--------+--------+--------+--------+--------+-----+--------+

Top non-repeatable levels by time:
     D:4: 1104 daAuts
     D:1: 508 daAuts
     D:5: 363 daAuts
     D:2: 356 daAuts
  Temple: 337 daAuts
     D:6: 84 daAuts
